[Event "Doeberl Cup 2022"]
[Site "Canberra"]
[Date "2022.04.14"]
[Round "1.1"]
[White "Charles, Gareth"]
[Black "Melkumyan, Hrant"]
[Result "0-1"]
[ECO "A29"]
[WhiteElo "2012"]
[BlackElo "2649"]
[Annotator "TA"]
[PlyCount "60"]
[EventDate "2022.04.14"]
[EventType "swiss"]
[EventCountry "AUS"]
[SourceTitle "playchess.com"]
[Source "ChessBase"]
[SourceQuality "1"]
[TimeControl "5400+30"]

1. c4 e5 2. Nc3 Nf6 3. Nf3 Nc6 4. g3 d5 5. cxd5 Nxd5 6. Bg2 Nb6 7. O-O Be7 8. a3 O-O 9. b4 Be6 10. d3 f6 11. Bb2 Qd7 12. Re1 {[%emt 0:00:30] A29: English Opening: Four Knights Variation with 4 g3.} Rfd8 $5 {[%emt 0:00:30][%mdl 4] A promising side line.} 13. Rc1 a5 14. b5 {[%emt 0:00:00] The position is equal.} Nd4 15. Nd2 {[%emt 0:00:00] [#] Against Bb3} Nxb5 $146 ({Predecessor:} 15... Rab8 16. a4 Bb4 17. e3 Nf5 18. Bf1 Nd6 19. Qc2 c6 20. Red1 Bg4 21. bxc6 bxc6 {0-1 (35) Braguine,V (1968)-Srienz,C (2236) Bregenz 2015}) 16. Nxb5 Qxb5 17. Rxc7 Bd6 18. Rc2 Na4 19. Qb1 Rab8 ({Don't take} 19... Nxb2 20. Rxb2 Qa4 21. Nc4 $14) (19... Rac8 $5 20. Rec1 Rc5 $15) 20. Ne4 Bf8 21. Nc3 Qb3 22. Nxa4 Qxa4 23. Rc3 b5 {[%emt 0:00:00] And now ...b4 would win.} 24. Bc6 Qg4 {[%emt 0:00:00] [#] Threatens to win with ...b4.} 25. e3 $2 {[%emt 0:01:18][%mdl 8192] Loses the game.} (25. Bf3 $11 Qa4 26. Bc6) 25... b4 $19 26. axb4 Bxb4 27. Qc2 (27. Qa1) 27... Rdc8 {[%emt 0:00:00] Black is clearly winning.} 28. Bg2 Rxc3 29. Bxc3 Rc8 30. h3 Qg6 {[%emt 0:09:00] Weighted Error Value: White=0.69/Black=0.17 (very precise)} 0-1

[Event "Doeberl Cup 2022"]
[Site "Canberra"]
[Date "2022.04.14"]
[Round "1.2"]
[White "Kuybokarov, Temur"]
[Black "Safarian, Alek"]
[Result "1-0"]
[ECO "C42"]
[WhiteElo "2576"]
[BlackElo "2015"]
[Annotator "TA"]
[PlyCount "53"]
[EventDate "2022.04.14"]
[EventType "swiss"]
[EventCountry "AUS"]
[SourceTitle "playchess.com"]
[Source "ChessBase"]
[SourceQuality "1"]
[TimeControl "5400+30"]

1. e4 e5 2. Nf3 Nf6 3. Nxe5 d6 4. Nf3 Nxe4 5. d4 d5 6. Bd3 Bd6 7. O-O O-O 8. Re1 Bf5 9. c4 c6 10. Qb3 Na6 {[%emt 0:27:58] 10...Qd7 is the fancy move. C42: Petroff Defence: 3 Nxe5 and unusual White 3rd moves.} 11. Nc3 (11. cxd5 $5 Nac5 12. dxc5 Nxc5 13. Bxf5 Nxb3 14. axb3 $14) 11... Nec5 12. dxc5 Nxc5 {[%emt 0:00:30] The position is equal.} 13. Bxf5 Nxb3 14. axb3 d4 15. Nxd4 {[%emt 0:00:30] [#]} Qf6 $146 ({Black should play} 15... Bxh2+ $11 16. Kxh2 Qxd4) ({Predecessor:} 15... Bxh2+ 16. Kxh2 Qxd4 17. Kg1 Qf6 18. Bc2 a6 19. Ne4 Qe5 20. Bd2 Qxb2 21. Rac1 Qe5 {1-0 (57) Szczepankiewicz,D (2473)-Nowakowski,M (2407) ICCF email 2007}) 16. Be3 $1 $14 {[%emt 0:00:30] &Bianco is much more active. The black rooks are badly placed.} ({Worse is} 16. Re4 Bc5 17. Rf4 (17. Nce2 $2 Bxd4 18. Nxd4 Rad8 $19) 17... Bxd4 $17) 16... c5 $2 {[%emt 0:00:30] [#] A mistake that costs the game.} (16... Bb4 $14) 17. Ne4 $18 Bxh2+ $2 (17... Qe5 {was called for.}) 18. Kxh2 {[%emt 0:00:30] White is clearly winning.} Qh4+ 19. Kg1 cxd4 20. Bg5 {[%emt 0:00:30] A strong pair of Bishops.} ({Weaker is} 20. Bxd4 Qf4 $18) 20... Qh5 21. f4 {[%emt 0:00:30] [#] Black must now prevent Ng3.} f6 22. Ng3 Qe8 (22... Qf7 $142) 23. Rxe8 Rfxe8 24. Bh4 Re3 25. Bc2 Rae8 26. Nf5 Re2 27. Nxd4 {[%emt 0:00:30] Weighted Error Value: White=0.08 (flawless) /Black=0.92} 1-0

[Event "Doeberl Cup 2022"]
[Site "Canberra"]
[Date "2022.04.14"]
[Round "1.3"]
[White "Bukreyev, Andriy"]
[Black "Cheng, Bobby"]
[Result "0-1"]
[ECO "B06"]
[WhiteElo "2005"]
[BlackElo "2550"]
[Annotator "TA"]
[PlyCount "76"]
[EventDate "2022.04.14"]
[EventType "swiss"]
[EventCountry "AUS"]
[SourceTitle "playchess.com"]
[Source "ChessBase"]
[SourceQuality "1"]
[TimeControl "5400+30"]

1. e4 g6 2. d4 Bg7 3. Nc3 d6 4. f4 a6 5. Nf3 b5 6. Bd3 Bb7 7. O-O Nd7 8. e5 c5 9. Be4 {[%emt 0:00:00] B06: Modern Defence.} Bxe4 10. Nxe4 cxd4 11. exd6 (11. Qxd4 dxe5 12. Qd3 exf4 $15) (11. Neg5 $1 $16 {And now e6 would win.} h6 12. Nxf7 Kxf7 13. Nxd4) 11... Qb6 {[%emt 0:00:00] [#]} 12. Qd3 $146 ({Predecessor:} 12. Re1 e6 13. a4 Rc8 14. Qd3 Ngf6 15. Ne5 Nd5 16. Nxd7 Kxd7 17. Bd2 h6 18. b4 {½-½ (38) Kollars,D (2491)-Vavulin,M (2582) Khanty-Mansiysk 2016}) 12... f5 13. Neg5 Qxd6 14. Qb3 {[%emt 0:00:30] Hoping for Qf7+.} Nh6 {[%emt 0:01:00][%cal Bg8h6,Bh6g4,Bg4e3,Be3d5,Bd5f4,Bf4h3,Bh3g5][%mdl 32] Against Qf7+} 15. Ne6 Bf6 16. Bd2 Nc5 17. Nxc5 Qxc5 18. Bb4 Qc4 19. Rad1 (19. Rfe1 $11) 19... Ng4 $17 {[%emt 0:00:00] White must now prevent ...Ne3.} 20. Rfe1 Ne3 21. Rd2 Rc8 {[%emt 0:00:00][%cal Re3c2] &Nero is more active.} 22. Qxc4 Rxc4 23. c3 Nd5 24. b3 Rc8 (24... Nxb4 25. cxb4 Rc6 26. Nxd4 $11) 25. Nxd4 Nxf4 {[%emt 0:00:00] Threatens to win with ...Kf7.} 26. g3 {[%emt 0:00:37] [#]} ({Better is} 26. Bd6 $15 Nh5 27. Rde2 Rxc3 28. Rxe7+ Bxe7 29. Rxe7+ Kd8 30. Ne6+ Kc8 31. Be5 Rc1+ 32. Kf2) 26... Nh3+ $1 ({Of course not} 26... Nd5 $6 {[#]} 27. Nxb5 $1 (27. Nxf5 Rd8 $11) 27... axb5 28. Rxd5 $11) 27. Kg2 Ng5 28. Ne6 (28. Rde2 $17 Ne4 29. g4) 28... Ne4 $19 29. Rd3 Kf7 ({But not} 29... Nxc3 $2 30. Bxc3 Rxc3 31. Rd2 $19) 30. Nd4 Rhd8 {[%emt 0:00:00] aiming for ...e5.} 31. Red1 Nc5 32. Bxc5 Rxc5 33. R1d2 (33. Ne2 $142 Rdc8 34. Rc1) 33... Rdc8 34. Ne2 Bxc3 35. Rd1 Bf6 36. Nf4 Rc2+ 37. R1d2 R8c3 38. Nd5 $2 (38. Rd7) 38... Rxd3 {[%emt 0:00:00] Weighted Error Value: White=0.44/Black=0.12 (very precise)} 0-1

[Event "Doeberl Cup 2022"]
[Site "Canberra"]
[Date "2022.04.14"]
[Round "1.4"]
[White "Fernandez, Daniel Howard"]
[Black "Gong, Noah"]
[Result "1-0"]
[ECO "A34"]
[WhiteElo "2487"]
[BlackElo "1993"]
[Annotator "TA"]
[PlyCount "65"]
[EventDate "2022.04.14"]
[EventType "swiss"]
[EventCountry "AUS"]
[SourceTitle "playchess.com"]
[Source "ChessBase"]
[SourceQuality "1"]
[TimeControl "5400+30"]

1. c4 Nf6 2. Nc3 d5 3. cxd5 Nxd5 4. Nf3 c5 5. e4 Nxc3 6. dxc3 Qxd1+ 7. Kxd1 g6 {[%emt 0:00:30] A34: Symmetrical English: 2 Nc3, lines with ...d5.} (7... Nc6 $14 {should be considered.}) 8. Be3 b6 9. Bb5+ Bd7 {[%emt 0:00:30] White is slightly better.} 10. a4 {[%emt 0:00:30] [#]} Bg7 $146 {[%emt 0:00:30] Against Ne5} ({Predecessor:} 10... Nc6 11. Kc2 a6 12. Be2 e5 13. Rhd1 f6 14. Nd2 Na5 15. Nc4 Nxc4 16. Bxc4 Bc6 {1-0 (27) Haugli,P (2259)-Andersen,D (1956) Ballerup 2016}) 11. Ke2 O-O 12. Rhd1 Bc6 {[%emt 0:00:30] [#]} 13. Nd2 $1 {[%emt 0:00:30] 0x0.001b374052dedp-1022s more active pieces.} a6 14. Bxc6 Nxc6 15. a5 (15. g4 $16) 15... Nxa5 $11 16. Bxc5 Nc6 $1 17. Be3 {[%emt 0:00:30] Strongly threatening Nc4.} b5 {[%emt 0:00:30] Against Nc4} 18. Nb3 $36 {[%emt 0:00:30][%mdl 2048] White is more active.} b4 19. Nd4 Rfc8 20. Nxc6 Rxc6 21. cxb4 Rc2+ (21... Rb8 $14) 22. Rd2 $16 Rxb2 {[%emt 0:00:30] Black cannot hold the game after this.} (22... Rcc8 $16 {might work better.}) 23. Rxb2 $18 Bxb2 $16 {[%emt 0:00:30][%mdl 4096] Endgame KRB-KRB} 24. Ra4 Bc3 (24... Rb8 $142 25. Bc5 (25. Rxa6 Rxb4 26. Kd3 Kg7 $11) 25... Kg7 26. Rxa6 Bf6) 25. Kd3 (25. b5 $142) 25... Be1 (25... Be5 $142 26. Bb6 Rc8) 26. Bc5 $18 {[%emt 0:00:30] Hoping for Ra1.} a5 27. b5 ({Less strong is} 27. Bxe7 Re8 $14) 27... Kf8 28. b6 {[%emt 0:00:30] And now Kc4 would win.} Ke8 (28... Rc8 $142) 29. Ra1 Bb4 {[%emt 0:00:30] [#]} (29... Rd8+ 30. Kc4 Bd2) 30. Bxb4 Rd8+ 31. Kc4 axb4 32. b7 Rb8 33. Ra8 {[%emt 0:00:00] Weighted Error Value: White=0.16 (very precise) /Black=0.62} 1-0

[Event "Doeberl Cup 2022"]
[Site "Canberra"]
[Date "2022.04.14"]
[Round "2.1"]
[White "Melkumyan, Hrant"]
[Black "Puccini, Jack"]
[Result "1-0"]
[ECO "A13"]
[WhiteElo "2649"]
[BlackElo "2313"]
[Annotator "TA"]
[PlyCount "113"]
[EventDate "2022.04.14"]
[EventType "swiss"]
[EventCountry "AUS"]
[SourceTitle "playchess.com"]
[Source "ChessBase"]
[SourceQuality "1"]
[TimeControl "5400+30"]

1. Nf3 d5 2. g3 Nf6 3. Bg2 e6 4. O-O c5 5. c4 dxc4 6. Na3 Nc6 7. Nxc4 Be7 8. b3 O-O 9. Bb2 Qc7 {[%emt 0:02:49] A13: English Opening: 1...e6.} 10. Nfe5 Bd7 11. d3 $5 {[%emt 0:09:49][%mdl 4] An interesting side line.} Rfd8 {[%emt 0:01:29] The position is equal.} 12. Nxd7 Qxd7 13. Rc1 Rac8 14. Re1 {[%emt 0:07:01] [#]} Ne8 $146 ({Predecessor:} 14... Nd5 15. Qc2 Bg5 16. Rcd1 Bf6 17. Bxf6 Nxf6 18. Qd2 b6 19. a3 h6 20. Rb1 Qd4 {½-½ (56) Loiacono,L (2297)-Simonetto,A (2185) Padova 2019}) 15. Qc2 Bf6 16. a3 h6 17. Qb1 Bxb2 18. Qxb2 Nd6 19. Nxd6 Qxd6 20. Rc3 b6 21. Rec1 Ne7 22. b4 cxb4 23. axb4 Rxc3 24. Rxc3 Rc8 25. Rxc8+ Nxc8 26. Qc2 Ne7 27. Qa4 {[%emt 0:02:06] Threatens to win with Qe8+.} g6 28. b5 Qc7 29. e3 h5 30. Bf1 Nf5 31. d4 Nd6 32. Qa3 Kg7 33. Bd3 Kg8 34. e4 Qd7 35. Qb4 Nb7 36. e5 Qd5 37. Qc4 $1 Qf3 38. Be2 $1 Qe4 39. Qd3 Qxd3 {[%emt 0:04:19] This move loses the game for Black.} ({Black should play} 39... Qd5 $1 $14) 40. Bxd3 $14 {[%emt 0:00:05][%mdl 4096] Endgame KB-KN} Na5 {[%emt 0:02:07] [#]} 41. Bc2 {[%emt 0:00:06] Prevents Nb3.} Kg7 (41... Nc4 $16 {might work better.}) 42. f4 $18 Kf8 43. Kf2 Ke7 44. Ke2 Nb7 $2 (44... Nc4 45. Bb1 Kd7) 45. Be4 Nd8 (45... Na5 46. d5 Nb3) 46. Kf2 Kf8 47. Kg2 Kg7 48. Kh3 f5 $2 (48... f6 49. Bd3 Nf7) 49. Bf3 Kh6 50. Kg2 Kg7 51. Be2 Kf7 52. Bc4 Ke7 {[%emt 0:00:29] [#]} 53. Kh3 $1 Nf7 54. Kh4 Nh6 55. h3 Kf7 56. d5 {[%emt 0:00:00][%cal Bd4d5,Bd5d6][%mdl 32] Threatening mate with d6.} Ng8 57. d6 {[%emt 0:00:00] Weighted Error Value: White=0.12 (very precise) /Black=0.46} 1-0

[Event "Doeberl Cup 2022"]
[Site "Canberra"]
[Date "2022.04.14"]
[Round "2.2"]
[White "Winkelman, Albert"]
[Black "Kuybokarov, Temur"]
[Result "1-0"]
[ECO "C78"]
[WhiteElo "2257"]
[BlackElo "2576"]
[Annotator "TA"]
[PlyCount "85"]
[EventDate "2022.04.14"]
[EventType "swiss"]
[EventCountry "AUS"]
[SourceTitle "playchess.com"]
[Source "ChessBase"]
[SourceQuality "1"]
[TimeControl "5400+30"]

1. e4 e5 2. Nf3 Nc6 3. Bb5 a6 4. Ba4 Nf6 5. O-O Bc5 6. c3 b5 7. Bc2 d5 {[%emt 0:00:00] [#] C78: Ruy Lopez: Archangelsk and Möller Defences.} 8. Nxe5 $1 Nxe5 9. d4 dxe4 {[%emt 0:15:15] White has an edge.} 10. dxc5 Qe7 11. Bg5 Bb7 12. Nd2 O-O-O 13. Qe2 Nd3 14. a4 {[%emt 0:00:30] [#] Black must now prevent axb5.} (14. Bxd3 $5 Rxd3 15. a4 $11) 14... Rhe8 $146 (14... Qe5 $11 15. h4 h6) ({Predecessor:} 14... Qe5 15. Be3 h5 16. axb5 Ng4 17. g3 Nxe3 18. bxa6 Nxc2 19. axb7+ Kxb7 20. c6+ Kxc6 {½-½ (49) So,W (2772)-Le,Q (2709) chess24.com INT 2021}) 15. axb5 $16 {[%emt 0:00:30] Black is on the road to losing.} axb5 16. Nb3 Qe5 17. Be3 Qh5 (17... Nd5 $142) 18. Qxh5 Nxh5 19. Bxd3 exd3 20. Nd4 c6 {[%emt 0:00:30] [#]} (20... Kd7 $16 21. Ra7 (21. Nxb5 Ra8 $16) 21... Bc6) 21. Nf5 $1 $18 Re5 22. Nd6+ Rxd6 23. cxd6 c5 24. Rfe1 Nf6 25. Bf4 Rf5 (25... Rxe1+ $16 26. Rxe1 Nd5) 26. Bg3 {[%emt 0:00:30] Strongly threatening Re7.} Rd5 $2 (26... Bc6 {was necessary.} 27. f3 c4) 27. Re7 {[%emt 0:00:30] Rc7+ would kill now.} d2 28. Rd1 Nh5 29. Re2 (29. Rc7+ $142 Kb8 {[#]} 30. Rxc5 $3 Nxg3 31. Rxd5 Ne2+ 32. Kf1 Bxd5 33. Kxe2) 29... Nxg3 (29... Kd7 {might work better.} 30. Rexd2 Rxd2 31. Rxd2 Nxg3) 30. hxg3 ({Not} 30. fxg3 Rxd6 31. b4 Rd5 32. Rexd2 Rxd2 33. Rxd2 cxb4 $18) 30... Rxd6 31. Rdxd2 Rxd2 32. Rxd2 {[%emt 0:00:30][%mdl 4096] Endgame KR-KB} Kc7 33. b4 c4 $2 (33... h6 34. f3 h5) 34. f3 {[%emt 1:01:04] White is clearly winning.} f6 35. Kf2 Bc6 36. Ke3 Bb7 37. Rd1 Bc6 38. Kf4 Bd7 39. Rh1 h6 40. Ke4 Be6 41. Rh5 Kb6 42. Rc5 g6 43. g4 {[%emt 0:00:30] Weighted Error Value: White=0.20 (precise) /Black=0.42} 1-0

[Event "Doeberl Cup 2022"]
[Site "Canberra"]
[Date "2022.04.14"]
[Round "2.3"]
[White "Cheng, Bobby"]
[Black "Zhang, Jilin"]
[Result "1-0"]
[ECO "B38"]
[WhiteElo "2550"]
[BlackElo "2245"]
[Annotator "TA"]
[PlyCount "129"]
[EventDate "2022.04.14"]
[EventType "swiss"]
[EventCountry "AUS"]
[SourceTitle "playchess.com"]
[Source "ChessBase"]
[SourceQuality "1"]
[TimeControl "5400+30"]

1. Nf3 Nf6 2. c4 g6 3. Nc3 c5 4. e4 d6 5. d4 cxd4 6. Nxd4 Bg7 7. Be2 O-O 8. O-O Nc6 9. Be3 Nxd4 10. Bxd4 Bd7 {[%emt 0:00:08] 10...Bd7 is better than 10...Be6.} 11. Qc2 {[%emt 0:03:23] B38: Sicilian: Maroczy Bind with 5...Bg7 and 7...0-0.} Bc6 12. Rad1 Qc7 13. Nd5 {[%emt 0:08:56] White is slightly better.} Bxd5 14. exd5 {[%emt 0:00:08] [#]} Rac8 $146 ({Predecessor:} 14... Rfe8 15. b3 Nd7 16. Bxg7 Kxg7 17. Rd3 a5 18. Re3 e6 19. dxe6 Rxe6 20. Qc3+ Nf6 21. Rxe6 fxe6 {½-½ (27) Costa Trillo,V (1803)-Vodicka,M (2062) LSS email 2016}) 15. Rfe1 (15. Bxa7 $2 b6 16. Bxb6 (16. Qa4 $2 Ra8 $19) 16... Qxb6 $19) 15... b6 (15... b5 $11 {should be considered.}) 16. b3 $14 Ne8 17. Bg4 Rb8 18. Bxg7 {[%emt 0:02:13] &Bianco is much more active. The black rooks are badly placed.} Nxg7 19. Qd2 Rbe8 20. Re3 Rd8 (20... h5 $142) 21. Rde1 Rde8 22. Qe2 f5 23. Bf3 Rf7 24. h4 h5 25. Qd3 Qc5 26. Bd1 Kf8 27. Qc3 {[%emt 0:01:03][%cal Oe3e6] [#] Strongly threatening Re6!} Kg8 28. b4 Qc7 29. Bb3 Rc8 30. Qd4 Qd8 31. Rc3 Kh7 32. Qf4 Rf6 33. Rce3 Rc7 34. Kh2 Rb7 35. R1e2 Qf8 36. Kg1 Qd8 37. a3 Qf8 38. Kf1 Qd8 39. Qd4 Qf8 40. Ke1 Rc7 41. Qf4 Rb7 42. Kf1 Qd8 $1 43. Kg1 Qf8 $1 44. Bc2 Qd8 45. Bd3 (45. g3 $142) 45... Rc7 46. Qd4 Qf8 47. a4 (47. Bc2 $16) 47... Rf7 48. Ra2 f4 {[%emt 0:02:10] This costs Black the game.} (48... Ne8 $14) 49. Rf3 $36 {[%emt 0:03:13][%mdl 2048] White is really pushing.} e5 50. dxe6 $1 Nxe6 51. Qd5 Ng7 52. Re2 (52. Bxg6+ $2 Kxg6 53. a5 Rf5 $17) 52... Rf6 53. Qg5 Rcf7 (53... Qf7 $16 {is a better defense.} 54. a5 bxa5) 54. Rxf4 Ne6 $2 (54... Nf5 55. Be4 Qg7) 55. Qxh5+ ({Weaker is} 55. Rxe6 Rxe6 56. Qxh5+ Kg7 $16) 55... Kg7 {[%emt 0:00:08] [#]} 56. Rxf6 ({Worse is} 56. Rg4 Nf4 57. Qb5 (57. Rxg6+ $2 Rxg6 58. Bxg6 Nxh5 $19) 57... Nxd3 $15) (56. Bxg6 $142 $1 Qh8 57. Rg4 Qxh5 58. Bxh5+ Kf8 59. Bxf7 Kxf7 60. Rd2) 56... gxh5 (56... Rxf6 57. Qg4 Nf4) 57. Rg6+ Kh8 58. Rgxe6 Qg7 59. Rg6 Qa1+ 60. Kh2 {[%emt 0:00:01] Re8+ is the strong threat.} Rf8 {[%emt 0:00:57] Against Re8} 61. Re7 {[%emt 0:01:02] Intending Rg3 and mate.} Qc3 62. Rh6+ {[%emt 0:00:29] White mates.} Kg8 63. Bh7+ Kh8 64. Be4+ Kg8 65. Bd5+ {[%emt 0:00:18] Weighted Error Value: White=0.34/Black=0.35} 1-0

[Event "Doeberl Cup 2022"]
[Site "Canberra"]
[Date "2022.04.14"]
[Round "2.4"]
[White "Richards, Heather S"]
[Black "Fernandez, Daniel Howard"]
[Result "0-1"]
[ECO "B12"]
[WhiteElo "2190"]
[BlackElo "2487"]
[Annotator "ChessBase"]
[PlyCount "66"]
[EventDate "2022.04.14"]
[EventType "swiss"]
[EventCountry "AUS"]
[SourceTitle "playchess.com"]
[Source "ChessBase"]
[SourceQuality "1"]
[TimeControl "5400+30"]

1. e4 c6 2. d4 d5 3. f3 e6 4. Be3 Qb6 5. Qc1 c5 6. c3 dxe4 7. Nd2 Nf6 8. Nxe4 Nxe4 9. fxe4 cxd4 10. cxd4 Bb4+ 11. Kf2 Nd7 12. Nf3 Nf6 13. Bd3 Ng4+ 14. Ke2 Bd7 15. Bg1 Bb5 16. Qd1 Rc8 17. a3 Be7 18. Ne1 O-O 19. Qd2 f5 20. e5 Bh4 21. h3 Bxe1 22. Kxe1 Bxd3 23. hxg4 Be4 24. Rc1 fxg4 25. Rc5 Qa6 26. Be3 b6 27. Rxc8 Rxc8 28. Rg1 Rc2 29. Qd1 Rxb2 30. Qxg4 Qa5+ 31. Kd1 Bc2+ 32. Kc1 Bf5 33. Qg5 Rb1# 0-1

[Event "Doeberl Cup 2022"]
[Site "Canberra"]
[Date "2022.04.14"]
[Round "2.6"]
[White "Testolin, Ryder"]
[Black "Ikeda, Junta"]
[Result "0-1"]
[ECO "E32"]
[WhiteElo "2049"]
[BlackElo "2457"]
[Annotator "TA"]
[PlyCount "106"]
[EventDate "2022.04.14"]
[EventType "swiss"]
[EventCountry "AUS"]
[SourceTitle "playchess.com"]
[Source "ChessBase"]
[SourceQuality "1"]
[TimeControl "5400+30"]

1. d4 Nf6 2. c4 e6 3. Nc3 Bb4 4. Qc2 O-O 5. Nf3 d5 6. cxd5 exd5 7. Bf4 {[%emt 0:00:30] E32: Nimzo-Indian: Classical (4 Qc2): 4...0-0.} Ne4 8. e3 Bf5 9. Bd3 {[%emt 0:00:30] The position is equal.} c5 10. dxc5 Nd7 11. c6 bxc6 12. Nd4 Bxc3+ 13. bxc3 Bg6 14. f3 $132 {[%emt 0:00:30][%mdl 2048] [#] White is not keeping still} c5 $146 ({Predecessor:} 14... Nec5 15. Bxg6 hxg6 16. Nxc6 Qf6 17. Nd4 Rfe8 18. Kf2 Rac8 19. h4 Ne5 20. Rad1 Rb8 {1-0 (48) Maris,I (2352)-Maatman,N (2258) Groningen 2015}) 15. fxe4 {[%emt 0:00:30] And now Nc6 would win.} cxd4 16. cxd4 dxe4 17. Be2 ({Don't go for} 17. Bxe4 $2 Rc8 18. Bxg6 Rxc2 19. Bxc2 Qa5+ 20. Ke2 g5 $19) 17... Bh5 18. Bxh5 {[%emt 0:00:30] A strong pair of Bishops.} Qa5+ 19. Qd2 Qxh5 20. O-O Qd5 21. Rfc1 g5 ({Black should play} 21... Rfc8 $11) 22. Bg3 $14 f5 23. a4 Rf7 24. Rab1 a6 25. h3 Raf8 26. Rf1 {[%emt 0:00:30] Prevents f4.} Rd8 (26... Rf6 $14) 27. Qe2 Qe6 28. a5 Rdf8 29. Qh5 Rg7 30. Kh1 (30. Qd1 $5 ) 30... Nf6 31. Qe2 {Strongly threatening Rb6.} Nd5 {Against Rb6} 32. Be5 Rd7 (32... Nc3 $11 33. Rb6 Qxe5 34. Qc4+ Qd5 35. Qxc3 f4) 33. Qc4 (33. Rfc1 $18) 33... Re7 $16 34. Rbe1 (34. Rfc1 $16) 34... Rc8 35. Qa2 Rf7 36. Qb3 (36. Rc1 $16 {Black must now prevent Rxc8+.} Re8 37. Rfe1) 36... h6 $2 (36... Rc3 $1 $11 {and Black is okay.} 37. Qa2 Rc8) 37. Rc1 $18 Rd8 38. Rce1 (38. Qa4 $16) 38... Qg6 (38... Rc8 $11) 39. Qb1 Kh7 40. Rf2 Qh5 41. Kg1 {[%cal Of2f5] Hoping for Rxf5!} Qg6 42. Kh1 (42. Rb2 $1 $16) 42... Rc8 (42... Qh5 $11) 43. Qb3 (43. Rc2 $14 Qe6 44. Rxc8 Qxc8 45. Qb3) 43... Qc6 $11 44. g4 Rb7 45. Qa4 f4 $2 (45... Qxa4 $19 46. Rxf5 Nxe3 $1 ) 46. exf4 $2 gxf4 $2 ({Better is} 46... Qxa4 $19 47. fxg5 Qxa5) 47. g5 $2 hxg5 (47... Qxa4 $142 48. g6+ Kxg6 49. Bxf4 Qxd4) 48. Rg2 Qe6 (48... Qxa4 $142 49. h4 Qxa5 50. Rf1 Ne3 51. Rxg5 Nxf1 52. Rh5+ Kg6 53. Rg5+ Kh6 54. Rg4 Rc2 55. Rg2 Rxg2 56. Bxf4+ Kh5 57. Kxg2 Qa2+ 58. Bd2 Qxd2+ 59. Kg1 Qh2+ 60. Kxf1 Rb1#) 49. Kh2 f3 50. Rxg5 Rc2+ $4 51. Kg3 $4 (51. Qxc2 {is the narrow road to win.} Nf6 52. Bxf6 Kh6 53. Qf2 $1 Rb2 54. Qxb2 Qxf6 55. Rg4 f2 56. Qc1+ e3 57. Qxe3+ Kh7 58. Qe7+ Qxe7 59. Rxe7+ Kh8 60. Rh4+ Kg8 61. Rf4 f1=B 62. Rxf1 Kh8 63. Rf8#) 51... Qh6 $2 52. h4 $2 (52. Qxc2 $19 Qxg5+ 53. Kh2) 52... Rg2+ 53. Kh3 Qe6+ {Never resign too early!  Weighted Error Value: White=1.05/Black=0.89} 0-1

[Event "Doeberl Cup 2022"]
[Site "Canberra"]
[Date "2022.04.14"]
[Round "2.7"]
[White "Kethro, Michael"]
[Black "Bjelobrk, Igor"]
[Result "0-1"]
[ECO "E04"]
[WhiteElo "2122"]
[BlackElo "2403"]
[Annotator "TA"]
[PlyCount "132"]
[EventDate "2022.04.14"]
[EventType "swiss"]
[EventCountry "AUS"]
[SourceTitle "playchess.com"]
[Source "ChessBase"]
[SourceQuality "1"]
[TimeControl "5400+30"]

1. d4 d5 2. c4 e6 3. Nf3 Nf6 4. g3 dxc4 5. Bg2 c6 6. O-O b5 7. a4 {[%emt 0:00:30] E04: Open Catalan: 5 Nf3.} Bb7 8. Ne5 a6 9. b3 {[%emt 0:00:30] The position is equal.} cxb3 10. Bb2 Nbd7 11. Nd2 Nxe5 12. dxe5 Nd5 13. Qxb3 Be7 14. Ne4 O-O 15. Rfc1 {Prevents c5.} Qb6 16. Nd6 {[%emt 0:01:00] [#] e4 is the strong threat.} Bxd6 $146 ({Predecessor:} 16... c5 17. axb5 axb5 18. Qxb5 Rxa1 19. Rxa1 Qxb5 20. Nxb5 Bc6 21. Nd6 Rb8 22. Bc1 h6 {½-½ (30) Lukasova,A (2213)-Senzacqua,F (2116) ICCF email 2013}) 17. exd6 c5 18. e4 c4 $1 19. Qf3 c3 $1 20. Bxc3 ({Of course not} 20. Rxc3 Nxc3 21. Qxc3 f6 $17) 20... Nxc3 21. Qxc3 {[%emt 0:00:30] And now Qc7 would win.} Qxd6 22. Qc7 Qxc7 23. Rxc7 Rab8 24. axb5 axb5 25. Ra7 Ba8 (25... Bc8 $1 $17) 26. e5 $1 $11 g5 27. Bxa8 Rxa8 {[%emt 0:00:30][%mdl 4096] Endgame KRR-KRR} 28. Rab7 Ra1+ 29. Kg2 Rb1 30. Rc5 b4 31. Rc4 b3 32. Rcb4 Re1 33. R7b5 Rd8 34. Rb8 Rxb8 {[%emt 0:00:30] &Nero is more active.} 35. Rxb8+ $17 {[%emt 0:00:30] KR-KR} Kg7 36. Rxb3 Rxe5 37. Rb4 h5 38. h4 {[%emt 0:00:30] [#]} g4 $1 39. Rb8 Rd5 40. Ra8 e5 41. Re8 f6 42. Kf1 Rd2 43. Ra8 f5 ({Black should try} 43... Rc2 $17) 44. Re8 $11 Kf6 45. Rf8+ $1 Kg6 46. Re8 Rd5 47. Re6+ Kg7 48. Re7+ (48. Rc6 $11) 48... Kf6 $17 49. Rh7 Kg6 {[%emt 0:00:30] Against Rh6+} 50. Re7 f4 51. gxf4 exf4 {[%emt 0:00:30][%cal Be5f4,Bf4g3][%mdl 32] Hoping for ...Rd1+.} 52. Kg2 Rd2 53. Kg1 $2 {[%emt 0:00:30][%mdl 8192] Now White is beyond hope.} (53. Re5 $17 {was necessary.}) 53... Kf5 $19 {[%emt 0:00:30] ( -> ...g3)} 54. Re8 $2 {[%emt 0:00:30] [#]} (54. Kg2 $19) 54... g3 $1 {[%emt 0:00:30] Black mates.} 55. fxg3 fxg3 56. Rg8 Kf4 57. Rg5 Kf3 58. Rf5+ Kg4 59. Rg5+ Kxh4 60. Ra5 Kg4 61. Ra4+ Kh3 62. Ra1 h4 63. Rb1 Rd4 64. Ra1 Kg4 65. Rb1 h3 66. Ra1 h2+ {[%emt 0:00:30] Weighted Error Value: White=0.28 (precise) /Black=0.05 (flawless)} 0-1